 Dungeon Crawl Stone Soup version 0.28-a0-1594-ga885d4b3d6 (webtiles) character file.

Game seed: 12262630866729822606

543 parzival7114810 the Chopper (level 7, -2/61 HPs)
             Began as a Hill Orc Fighter on Jan 20, 2022.
             Killed from afar by Dowan (8 damage)
             ... with a stone arrow
             ... on level 5 of the Dungeon.
             The game lasted 00:12:30 (7394 turns).

parzival7114810 the Chopper (Hill Orc Fighter)      Turns: 7394, Time: 00:12:31

Health: -2/61      AC:  8    Str: 21    XL:     7   Next: 27%
Magic:  7/7        EV:  9    Int:  8    God:
Gold:   279        SH:  4    Dex: 10    Spells: 6/6 levels left

rFire   x . .      SeeInvis .   a - +0 war axe
rCold   + . .      Faith    .   c - +0 buckler
rNeg    . . .      Spirit   .   b - +0 scale mail
rPois   .          Reflect  .   (no helmet)
rElec   .          Harm     .   (no cloak)
rCorr   .          Rampage  .   k - +0 pair of gloves
Will    .....                   (no boots)
Stlth   ..........              (no amulet)
HPRegen 0.20/turn               f - ring of ice
MPRegen 0.10/turn               (no ring)

@: mighty
A: no striking features
a: no special abilities


You were on level 5 of the Dungeon.
You visited 2 branches of the dungeon, and saw 6 of its levels.

You collected 279 gold pieces.

Inventory:

Hand Weapons
 a - a +0 war axe (weapon)
Armour
 b - a +0 scale mail (worn)
 c - a +0 buckler (worn)
 k - a +0 pair of gloves (worn)
Jewellery
 e - a +6 ring of strength
 f - a ring of ice (left hand)
Wands
 m - a wand of iceblast (7)
Scrolls
 g - a scroll of fog
 i - 2 scrolls of identify
 j - 2 scrolls of magic mapping
Potions
 d - 2 potions of might
 h - 4 potions of flight
 o - a potion of brilliance


   Skills:
 + Level 5.0 Fighting
 + Level 6.2 Axes
 + Level 5.1 Armour
 + Level 1.5 Dodging
 + Level 0.9 Stealth
 + Level 4.1 Shields
 + Level 1.4 Evocations


You had 6 spell levels left.
You didn't know any spells.
Your spell library contained the following spells:

 Spells                   Type           Power      Damage    Failure   Level
 Slow                     Hex            0%         N/A       82%         1
 Ensorcelled Hibernation  Hex/Ice        0%         N/A       91%         2
 Passwall                 Tmut/Erth      0%         N/A       91%         2
 Confusing Touch          Hex            0%         N/A       99%         3
 Swiftness                Air            0%         N/A       99%         3
 Vampiric Draining        Necr           0%         2d6       99%         3
 Cause Fear               Hex            0%         N/A       100%        4
 Fulminant Prism          Conj/Hex       0%         3d6       100%        4
 Iskenderun's Mystic Bla  Conj/Tloc      0%         2d3       100%        4
 Lee's Rapid Deconstruct  Erth           0%         3d5*      100%        5
 Dragon Form              Tmut           0%         N/A       100%        7
 Dragon's Call            Summ           0%         N/A       100%        9


Dungeon Overview and Level Annotations

Branches:
Dungeon (5/15)             Temple (1/1) D:5

Altars:
Ashenzari
Cheibriados
Dithmenos
Elyvilon
Fedhas
Gozag
Kikubaaqudgha
Makhleb
Nemelex Xobeh
Okawaru
Qazlal
Ru
Sif Muna
Trog
Uskayaw
Zin
The Shining One

Shops:
D:1 !(?([   D:4 ?

Annotations:
D:5 Dowan


Message History

Dowan is nearby!
Dowan is nearby!
Dowan is nearby!
Dowan casts a spell.
Dowan blinks!
Dowan hits you but does no damage.
You hit Dowan.
Dowan is severely wounded.
You float gracefully downwards.
Splash!
You fall into the shallow water.
Moving in this stuff is going to be slow.
You are no longer glowing.
Dowan splashes around in the water.
Dowan mumbles some strange words.
Dowan blinks!
Unknown command.
You closely miss Dowan.
Dowan is severely wounded.
Dowan hits you but does no damage.
You barely miss Dowan.
Dowan is severely wounded.
Dowan points at you and mumbles some strange words.
The stone arrow hits you!
* * * LOW HITPOINT WARNING * * *
Dowan splashes around in the water.
You hit Dowan.
Dowan is almost dead.
Dowan hits you but does no damage.
Dowan gestures wildly while chanting.
Dowan blinks!
You enter the shallow water.
Moving in this stuff is going to be slow.
Dowan casts a spell at you. The shard of ice hits you! You partially resist.
* * * LOW HITPOINT WARNING * * *
Dowan says, "How can I live without her?"
Dowan points at you and mumbles some strange words.
The stone arrow hits you!
You die...

#.......#.##...##. ..
.......#.# ##.## #
... ......## #'####
.... #...#######.....
....#
#...§≈≈..##..... ...#
#..≈≈§§≈.##.....
#..###.≈≈§≈§≈≈.......
#../..§§≈>≈§≈.##....
##.@##≈≈§≈§§≈.###...
##..#.≈≈§≈≈..# #..
##..e.§≈≈..## #.
##..####### # ##..#
##..# ...# ...# ....#


You could see Dowan (fast).

Vanquished Creatures
  Duvessa (D:5)
  An ogre (D:5)
  2 water moccasin skeletons
  A hound (Temple)
  Natasha (D:4)
  An orc wizard (D:4)
  8 adders
  A howler monkey skeleton (D:4)
  2 worms
  3 dart slugs
  5 orcs
  11 ball pythons
  3 bats
  8 endoplasms
  3 giant cockroaches (D:1)
  4 goblins
  9 hobgoblins
  11 jackals (D:3)
  3 quokkas
  6 frilled lizards
  8 kobolds
  7 rats
99 creatures vanquished.

Vanquished Creatures (others)
  A human (D:3)
1 creature vanquished.

Grand Total: 100 creatures vanquished

Notes
Turn   | Place    | Note
-------+----------+-------------------------------------------
     0 | D:1      | parzival7114810 the Hill Orc Fighter began the quest for
                  | the Orb.
     0 | D:1      | Reached XP level 1. HP: 19/19 MP: 1/1
   200 | D:1      | Found Doesm's Magic Scroll Shoppe.
   206 | D:1      | Found Plog's Distillery.
   227 | D:1      | Reached XP level 2. HP: 18/27 MP: 2/2
   674 | D:1      | Found Diutos's Weapon Emporium.
   953 | D:1      | Found Liepirph's Antique Weapon Shoppe.
  1249 | D:1      | Found Dioselod's Armour Shoppe.
  1625 | D:2      | Reached XP level 3. HP: 22/33 MP: 3/3
  1629 | D:2      | Reached skill level 3 in Axes
  2336 | D:2      | Reached XP level 4. HP: 40/40 MP: 4/4
  2993 | D:2      | Found a faded altar of an unknown god.
  3291 | D:3      | Reached skill level 4 in Axes
  3330 | D:3      | Found an opulent altar of Gozag.
  3815 | D:3      | Found a shimmering blue altar of Sif Muna.
  3971 | D:3      | Reached XP level 5. HP: 45/46 MP: 5/5
  4174 | D:3      | Found an ancient bone altar of Kikubaaqudgha.
  4198 | D:3      | Noticed a human
  4200 | D:3      | Killed a human
  4428 | D:4      | Reached skill level 5 in Axes
  4811 | D:4      | Identified the +1 leather armour of Bouvval {rF++ rCorr}
  4900 | D:4      | Found Mefesyt's Magic Scroll Emporium.
  4961 | D:4      | Found a sparkling altar of Nemelex Xobeh.
  5038 | D:4      | Found a snail-covered altar of Cheibriados.
  5368 | D:4      | Reached XP level 6. HP: 45/53 MP: 6/6
  5587 | D:4      | Noticed Natasha
  5590 | D:4      | Killed Natasha
  5991 | D:5      | Entered Level 5 of the Dungeon
  6060 | D:5      | Reached skill level 6 in Axes
  6483 | D:5      | Found a shadowy altar of Dithmenos.
  6603 | D:5      | Noticed Duvessa
  6604 | D:5      | Noticed Dowan
  6620 | D:5      | Found a staircase to the Ecumenical Temple.
  6634 | Temple   | Entered the Ecumenical Temple
  7375 | D:5      | Reached skill level 1 in Evocations
  7375 | D:5      | Reached XP level 7. HP: 25/60 MP: 7/7
  7375 | D:5      | Killed Duvessa
  7376 | D:5      | Reached skill level 5 in Fighting
  7376 | D:5      | Reached skill level 5 in Armour
  7376 | D:5      | Reached skill level 1 in Dodging
  7394 | D:5      | Killed from afar by Dowan

Illustrated notes

Levels and vault maps discovered:
D:1:      erik_arrival_cave_to_civilisation [erik_arrival_cave_to_temple],
          layout_basic, serial_shops, nicolae_shop_waterfront,
          nicolae_shop_waterfront, nicolae_shop_bloodbath_and_beyond,
          nicolae_shop_waterfront, shop
D:2:      layout_basic, serial_co_window_serial, co_window_corner_a,
          co_window_paths_a, co_window_paths_a, co_window_paths_a,
          co_window_of_opportunity_a, co_window_paths_a,
          co_window_unsneaky_path_b, co_window_cross_2, co_window_corner_b,
          co_window_2corner, co_window_broadway_a, co_window_paths_d,
          glass_columns_b, glass_columns_b, glass_columns_a, glass_columns_c,
          basic_ecumenical_altar
D:3:      layout_loops_corners, lemuel_blue_sif_altar, tgw_kikubaaqudgha,
          amcnicky_altar_gilded
D:4:      layout_loops_ring, kennysheep_slug_shrine,
          nemelex_diamond_rough_becter, serial_shops, nicolae_take_the_stairs,
          eino_tiny_chamber, uniq_natasha
D:5:      wad_pebble_path, layout_cave_pods, general_overflow_altar,
          mainiacjoe_overflow_six_doors_small, nicolae_hepliaklqana_hippocampus,
          lemuel_crystal_altar, minmay_temple_entry_mist, uniq_duvessa,
          uniq_crazy_yiuf_cottage, uniq_sigmund
Temple:   minmay_temple_curvy_loop

Skill      XL: |  1  2  3  4  5  6  7 |
---------------+----------------------+-----
Fighting       | 4 5 |  5.0
Axes           | 3 4 5 6 |  6.2
Shields        | 4 |  4.1
Armour         | 4 5 |  5.1
Evocations     | 1 |  1.4
Dodging        | 1 |  1.5
Stealth        | |  0.9

Action                   |  1- 3 |  4- 6 |  7- 9 || total
-------------------------+-------+-------+-------++-------
Melee: War axe           |    72 |   183 |     6 ||   261
Evoke: Wand              |       |     1 |       ||     1
  Use: Potion            |     1 |     4 |       ||     5
       Scroll            |       |     9 |       ||     9
Armor: Scale mail        |    40 |   124 |     3 ||   167
       Skin              |       |     1 |       ||     1
Dodge: Dodged            |    34 |   107 |     1 ||   142
Block: Buckler           |    18 |    55 |       ||    73

Table legend: (Time is in decaauts)
 A = Elapsed time spent in this place.
 B = Non-inter-level travel time spent in this place.
 C = Inter-level travel time spent in this place.
 D = Time resting spent in this place.
 E = Time spent auto-exploring this place.
 F = Levels seen in this place.
 G = Mean time per level.
                   A        B        C        D        E       F      G
               +--------+--------+--------+--------+--------+-----+--------+
         Total |   7498 |   7332 |    166 |   2618 |   3580 |   6 | 1249.7 |
       Dungeon |   6768 |   6602 |    166 |   2112 |   3390 |   5 | 1353.6 |
        Temple |    730 |    730 |      0 |    506 |    190 |   1 |  730.0 |
               +--------+--------+--------+--------+--------+-----+--------+

Top non-repeatable levels by time:
     D:1: 1638 daAuts
     D:4: 1622 daAuts
     D:2: 1615 daAuts
     D:3: 1207 daAuts
  Temple: 730 daAuts
     D:5: 684 daAuts
